 Dungeon Crawl Stone Soup version 0.30-a0-170-g85af917532 (webtiles) character file.

Game seed: 3411876384766359927

76 blackman the Poker (level 3, 0/29 HPs)
             Began as a Demigod Wanderer on Sept 30, 2022.
             Slain by a gnoll
             ... wielding a +0 club
              (2 damage)
             ... on level 2 of the Dungeon.
             The game lasted 00:02:39 (2330 turns).

blackman the Poker (Demigod Wanderer)               Turns: 2330, Time: 00:02:40

Health: 0/29       AC:  3    Str: 11    XL:     3   Next: 89%
Magic:  5/5        EV: 10    Int: 10    God:
Gold:   47         SH:  0    Dex: 23    Spells: 2/2 levels left

rFire   . . .      SeeInvis .    a - +2 spear
rCold   . . .      Faith    .    (no shield)
rNeg    . . .      Spirit   .    f - +0 leather armour
rPois   .          Reflect  .    (no helmet)
rElec   .          Harm     .    (no cloak)
rCorr   .          Rampage  .    (no gloves)
Will    .....                    (no boots)
Stlth   ++........               (no amulet)
HPRegen 0.09/turn                (no ring)
MPRegen 0.09/turn                (no ring)

@: no status effects
A: high MP 1, forlorn, divine attributes
a: no special abilities


You were on level 2 of the Dungeon.
You visited 1 branch of the dungeon, and saw 2 of its levels.

You collected 47 gold pieces.

Inventory:

Hand Weapons
 a - a +2 spear (weapon)
 b - a +0 quarterstaff
 d - a +0 dagger
Missiles
 c - 14 poisoned darts (quivered)
Armour
 f - a +0 leather armour (worn)
Scrolls
 h - 2 scrolls of identify {unknown}
Potions
 e - a potion of attraction


   Skills:
 - Level 1.7 Fighting
 * Level 2.7 Long Blades
 - Level 3.6(3.8) Polearms
 - Level 1.7(2.9) Staves
 + Level 2.7 Throwing


You had 2 spell levels left.
You didn't know any spells.
Your spell library was empty.

Dungeon Overview and Level Annotations

Branches:
Dungeon (2/15)

Shops:
D:1 !


Innate Abilities, Weirdness & Mutations

You have an increased reservoir of magic. (+10% MP)
You shall have no god before yourself.
Your divine heritage dramatically boosts your attributes as you level up.


Message History

You hit the gnoll. You punch the gnoll.
The gnoll is severely wounded.
You hit the gnoll.
The gnoll is severely wounded.
You puncture the gnoll!
You kill the gnoll!
You hit the gnoll.
The gnoll is almost dead.
The gnoll barely misses you.
You closely miss the gnoll.
The gnoll is almost dead.
The gnoll hits you with a +0 whip.
You hit the gnoll.
You kill the gnoll!
You hit the gnoll but do no damage. The gnoll hits you with a +0 club.
You hit the gnoll.
The gnoll is lightly wounded.
The gnoll hits you with a +0 club!
* * * LOW HITPOINT WARNING * * *
You hit the gnoll.
The gnoll is moderately wounded.
The gnoll closely misses you.
You hit the gnoll. You punch the gnoll.
The gnoll is severely wounded.
The gnoll hits you with a +0 club.
* * * LOW HITPOINT WARNING * * *
You hit the gnoll.
The gnoll is almost dead.
The gnoll hits you with a +0 club.
* * * LOW HITPOINT WARNING * * *
You barely miss the gnoll.
The gnoll is almost dead.
The gnoll closely misses you.
Unknown command.
It was a potion of cancellation.
Your magical effects are unravelling.
You feel magically purged.
Your resistance to elements expires.
The gnoll hits you with a +0 club.
You die...

##........# ##........#
#....##........
##........#####....##........
.'............+...>##.....)..
##........#.###....##........
#.........#.# #....##........
#..######.#.# ....#........
##.# #.#.#.####..#.g......
.#.# #.#.#...@gg.#........
.### #.#.######........... ..
#.#..†..........##### ..
#.########.#....# .. #..
..###...# .. ### ### .....#
.. 8$..8.# # ........ .⌠.....


You could see a gnoll and a goblin.

Vanquished Creatures
  2 gnolls (D:2)
  2 adders (D:2)
  A worm (D:2)
  3 dart slugs (D:1)
  2 bats
  4 endoplasms
  2 giant cockroaches
  2 goblins (D:1)
  2 hobgoblins (D:1)
  A quokka (D:2)
  2 ball pythons
  2 frilled lizards
  3 kobolds (D:1)
  5 rats
33 creatures vanquished.

Notes
Turn   | Place    | Note
-------+----------+-------------------------------------------
     0 | D:1      | blackman the Demigod Wanderer began the quest for the Orb.
     0 | D:1      | blackman set off with the following items: a +2 spear, a +0
                  | quarterstaff, 14 poisoned darts, a +0 dagger, a potion of
                  | attraction, a +0 leather armour.
     0 | D:1      | Reached XP level 1. HP: 17/17 MP: 3/3
    95 | D:1      | Reached skill level 1 in Long Blades
   186 | D:1      | Reached XP level 2. HP: 24/24 MP: 4/4
   713 | D:1      | Found Peefup's Distillery.
  1226 | D:2      | Reached XP level 3. HP: 17/29 MP: 5/5
  2328 | D:2      | HP: 1/29 [gnoll/+0 club (3)]
  2330 | D:2      | Slain by a gnoll

Illustrated notes

Levels and vault maps discovered:
D:1:      amcnicky_arrival_abandoned_market, layout_basic, serial_shops,
          nicolae_shop_hallway_plus, roderic_lattice_a
D:2:      layout_basic, hellmonk_ecumenical_altar_zigzags,
          wad_floor_pattern_untrapped, grunt_ministairs_6

Skill      XL: |  1  2 |
---------------+-------+-----
Long Blades    | 1 2 |  2.7
Throwing       | 2 |  2.7
Fighting       | |  1.7
Polearms       | |  3.6
Staves         | |  1.7

Action                   || total
-------------------------++-------
Melee: Spear             ||   117
       Punch             ||     2
  Use: Potion            ||     3
 Stab: Sleeping          ||     1
Armor: Leather armour    ||    15
Dodge: Dodged            ||    32

Table legend: (Time is in decaauts)
 A = Elapsed time spent in this place.
 B = Non-inter-level travel time spent in this place.
 C = Inter-level travel time spent in this place.
 D = Time resting spent in this place.
 E = Time spent auto-exploring this place.
 F = Levels seen in this place.
 G = Mean time per level.
                   A        B        C        D        E       F      G
               +--------+--------+--------+--------+--------+-----+--------+
         Total |   2319 |   2276 |     43 |    737 |   1318 |   2 | 1159.5 |
       Dungeon |   2319 |   2276 |     43 |    737 |   1318 |   2 | 1159.5 |
               +--------+--------+--------+--------+--------+-----+--------+

Top non-repeatable levels by time:
     D:1: 1209 daAuts
     D:2: 1109 daAuts
